 Dungeon Crawl Stone Soup version 0.30-a0-170-g85af917532 (webtiles) character file.

Game seed: 11956581927476971167

177441 qw the Severer (level 18, -1/116 HPs)
             Began as a Gargoyle Fighter on Oct 1, 2022.
             Was a High Priest of Okawaru.
             Slain by the 26-headed Lernaean hydra (2 damage)
             ... on level 4 of the Swamp.
             The game lasted 00:14:32 (31295 turns).

qw the Severer (Gargoyle Fighter)                  Turns: 31295, Time: 00:14:33

Health: -1/116     AC: 40    Str: 28    XL:     18   Next: 16%
Magic:  8/8        EV: 14    Int: 11    God:    Okawaru [*****.]
Gold:   2526       SH: 28    Dex:  9    Spells: 17/17 levels left

rFire   + . .      SeeInvis +    c - +8 broad axe "Odir" {antimagic, Int+2}
rCold   + . .      Faith    .    m - +2 tower shield {AC+3}
rNeg    + . .      Spirit   .    j - +1 plate armour {Will+}
rPois   inf        Reflect  +    q - +2 hat {SInv}
rElec   +          Harm     .    A - scarf {rC+ rF+}
rCorr   .          Rampage  .    g - +2 pair of gloves
Will    ++...                    F - -2 pair of boots "Leoda" {rElec Regen+ Stlth+}
Stlth   ..........               b - amulet of reflection
HPRegen 1.09/turn                I - +4 ring of slaying {mikee}
MPRegen 0.11/turn                e - +4 ring of evasion

@: about to teleport, heroic, flying
A: sickness immunity, AC +13, big wings, negative energy resistance 1,
electricity resistance, torment resistance 1, petrification resistance, horns 1
a: Renounce Religion, Heroism, Finesse, Duel


You were on level 4 of the Swamp.
You worshipped Okawaru.
Okawaru was extremely pleased with you.
You visited 6 branches of the dungeon, and saw 30 of its levels.

You collected 3868 gold pieces.
You spent 1342 gold pieces at shops.


Innate Abilities, Weirdness & Mutations

You are immune to sickness and miasma.
Your stone body is resilient. (AC +13)
You are immune to poison.
Your large and strong wings let you fly.
You resist negative energy. (rN+)
You are resistant to electric shocks. (rElec)
You are resistant to unholy torment.
You are immune to petrification.
You have a pair of small horns on your head.


   Skills:
 - Level 14.0(19.0) Fighting
 - Level 18.0(23.0) Axes
 + Level 7.7(12.7) Throwing
 - Level 12.0(17.0) Armour
 - Level 3.1(8.1) Dodging
 - Level 18.0(23.0) Shields
 - Level 10.0 Invocations


You had 17 spell levels left.
You didn't know any spells.
Your spell library was empty.

Inventory:

Hand Weapons
 c - the +8 broad axe "Odir" (weapon) {antimagic, Int+2}
   (You acquired it on level 1 of the Snake Pit)

   It reduces the magical energy of the wielder, and disrupts the spells and
   magical abilities of those it strikes.
   Natural abilities and divine invocations are not affected.
   Int:       It affects your intelligence (+2).
Missiles
 o - 7 silver javelins (quivered)
 C - 9 javelins
 D - 8 boomerangs
Armour
 g - a +2 pair of gloves (worn)
 j - a +1 plate armour of willpower (worn)
 m - a +2 tower shield of protection (worn)
 q - a +2 hat of see invisible (worn)
 s - a +0 cloak
 v - a scarf of repulsion
 A - a scarf of resistance (worn)
 B - +0 acid dragon scales
 F - the -2 pair of boots "Leoda" (worn) {rElec Regen+ Stlth+}
   (Okawaru gifted it to you on level 15 of the Dungeon)

   rElec:     It insulates you from electricity.
   Regen:     It increases your rate of health regeneration.
   Stlth:     It makes you more stealthy.
Jewellery
 b - an amulet of reflection (around neck)
 e - a +4 ring of evasion (right hand)
 u - a ring of resist corrosion
 y - a ring of protection from fire
 z - a ring of protection from cold
 E - a ring of protection from cold
 G - a ring of protection from fire
 I - a +4 ring of slaying (left hand) {mikee}
Scrolls
 a - 16 scrolls of identify
 i - 15 scrolls of teleportation
Potions
 d - 6 potions of might
 f - 2 potions of resistance
 h - 6 potions of mutation
 k - 4 potions of cancellation
 l - 18 potions of curing
 n - 7 potions of lignification
 p - 9 potions of attraction
 r - a potion of magic
 t - 5 potions of haste

Dungeon Overview and Level Annotations

Branches:
Dungeon (15/15)            Temple (1/1) D:7            Lair (5/5) D:10
  Swamp (4/4) Lair:2        Snake (3/4) Lair:3        Slime (0/5) Lair:5
    Orc (2/2) D:9             Elf (0/3) Orc:2        Vaults (0/5) D:13
 Depths (0/4) D:15

Altars:
Ashenzari
Cheibriados
Dithmenos
Elyvilon
Fedhas
Gozag
Hepliaklqana
Kikubaaqudgha
Makhleb
Nemelex Xobeh
Okawaru
Qazlal
Ru
Sif Muna
Trog
Uskayaw
Vehumet
Wu Jian
Xom
Yredelemnul
Zin
The Shining One
Jiyva

Shops:
D:2 [   D:6 *   Orc:2 !=*[   Snake:1 [:

Annotations:
D:3 1 runed translucent door, Crazy Yiuf
D:7 2 transporters, qw's ghost, novice GrFi
D:8 1 runed translucent door, qw's ghost, novice GrFi
D:15 1 runed translucent door, Qishud's ghost, adept GrEE
Swamp:4 Lernaean hydra
Orc:2 1 runed translucent door, qw's ghost, adept GrFi


Message History

The 26-headed Lernaean hydra closely misses you.
The 26-headed Lernaean hydra bites you but does no damage. x2
The 26-headed Lernaean hydra bites you!
The 26-headed Lernaean hydra bites you but does no damage. x3
You block the 26-headed Lernaean hydra's attack.
The 26-headed Lernaean hydra bites you but does no damage. x2
The 26-headed Lernaean hydra bites you.
The 26-headed Lernaean hydra bites you but does no damage.
The 26-headed Lernaean hydra bites you.
The 26-headed Lernaean hydra bites you but does no damage.
The 26-headed Lernaean hydra bites you.
The 26-headed Lernaean hydra barely misses you.
The 26-headed Lernaean hydra bites you but does no damage.
You block the 26-headed Lernaean hydra's attack. x2
The 26-headed Lernaean hydra bites you but does no damage.
The 26-headed Lernaean hydra bites you!
The 26-headed Lernaean hydra bites you but does no damage. x3
The 14-headed hydra bites you but does no damage. x3
You block the 14-headed hydra's attack.
The 14-headed hydra bites you but does no damage. x2
The 14-headed hydra closely misses you.
The 14-headed hydra bites you but does no damage. x2
The 14-headed hydra closely misses you.
The 14-headed hydra bites you but does no damage.
The 14-headed hydra misses you.
The 14-headed hydra closely misses you. x2
31295 ||| READING 16 scrolls of teleportation.
As you read the scroll of teleportation, it crumbles to dust.
You feel strangely unstable.
You block the swamp dragon's attack. x2; The swamp dragon closely misses you.
You block the 26-headed Lernaean hydra's attack.
The 26-headed Lernaean hydra bites you but does no damage.
You block the 26-headed Lernaean hydra's attack.
The 26-headed Lernaean hydra bites you.
The 26-headed Lernaean hydra closely misses you.
The 26-headed Lernaean hydra barely misses you.
The 26-headed Lernaean hydra bites you.
The 26-headed Lernaean hydra bites you but does no damage. x4
You block the 26-headed Lernaean hydra's attack.
The 26-headed Lernaean hydra bites you! The 26-headed Lernaean hydra bites you.
You die...

77#7777777~###.~#~77
## #####.###.7
##~##### #..~##~7
#~#~#~~# #~.###77
#~#~~~~###~..~#
~##~.~~~:~0.~.~~#
~~.~.~.~~#~¤#.##~#
#~¤~.#~[~~###~# ~#
#~...D@D....~~ #
.~~~.~D~##~~~.¤~
~~¤~.~D#~ ~~~.#~
~~.~.#~ ..~~.!.~#
##.~.## #~~~~.~~
~~.¤ ~~~~~~~ .#..
##~~ ~. ~~~


You could see the 26-headed Lernaean hydra, a 14-headed hydra, an eight-headed
hydra and a swamp dragon.

Vanquished Creatures
  Rupert (Lair:3)
  Gastronok (Orc:1)
  A fenstrider witch (Swamp:2)
  Louise (D:14)
  2 eleionomae
  A dire elephant (Lair:5)
  7 bunyips
  A fire dragon (Lair:5)
  Snorg (D:11)
  11 hydras
  A great orb of eyes (D:15)
  3 catoblepae
  7 centaur warriors
  5 ogre magi
  A ghost crab (Swamp:3)
  17 two-headed ogres
  A tengu warrior (D:14)
  8 anacondas
  10 death yaks
  15 alligators
  3 boulder beetles
  8 naga warriors
  A naga sharpshooter (Snake:3)
  A deep elf knight (D:13)
  Sonja (Orc:1)
  Lodul (D:14)
  Nergalle (D:12)
  7 skeletal warriors
  3 shock serpents
  A salamander mystic (Snake:2)
  7 sea snakes
  A deep troll (shapeshifter) (D:15)
  3 goliath frogs
  A spriggan druid (Swamp:1)
  2 deep trolls (Orc:2)
  9 swamp dragons
  A wizard (D:15)
  A naga ritualist (Snake:1)
  3 bog bodies
  7 mana vipers
  2 deep elf pyromancers
  22 ugly things
  An orc knight (D:13)
  9 salamanders
  2 orc sorcerers (Orc:2)
  4 cyclopes
  6 manticores
  2 oklob plants (Lair:4)
  2 will-o-the-wisps
  Joseph (D:7)
  3 guardian serpents
  21 black mambas
  17 elephants
  A gargoyle (D:14)
  4 centaur skeletons (D:13)
  7 cane toads
  9 naga magi
  A torpor snail (Lair:5)
  3 unseen horrors
  4 rime drakes
  A kobold demonologist (D:10)
  2 freezing wraiths
  5 komodo dragons
  12 trolls
  10 tyrant leeches
  3 polar bears
  A blink frog (shapeshifter) (D:13)
  12 dream sheep
  19 hornets
  6 slime creatures (D:15)
  9 blink frogs
  A centaur simulacrum (D:14)
  Sigmund (D:3)
  18 spriggans
  2 wraiths
  3 shadows
  9 wyverns
  2 basilisks
  2 vampires
  4 steam dragons (Lair:5)
  37 yaks
  4 vampire mosquitoes
  10 swamp worms
  A two-headed ogre zombie (D:9)
  3 acid dragons
  23 nagas
  12 water moccasins
  5 wargs
  16 orc warriors
  7 swamp drakes
  2 sky beasts (D:7)
  3 ice beasts
  4 black bears
  33 ogres
  16 wolves
  7 centaurs
  A phantom (D:9)
  3 kobold brigands
  3 bullfrogs
  2 necrophages
  4 scorpions
  A troll zombie (D:9)
  5 wights
  5 electric eels
  5 howler monkeys
  8 hounds
  3 jellies
  17 orc priests
  A gnoll bouda (D:7)
  Jessica (D:3)
  8 iguanas
  19 orc wizards
  4 hell rats
  6 ogre zombies (D:9)
  A mummy (D:4)
  15 gnolls
  7 river rats (D:8)
  4 adders
  A shadow imp (D:7)
  2 white imps
  An ufetubus (D:5)
  2 worms
  A dart slug (D:1)
  50 orcs
  6 endoplasms
  2 giant cockroaches (D:1)
  31 hobgoblins
  8 jackals
  10 quokkas
  9 ball pythons
  6 bats
  7 frilled lizards
  36 goblins
  A goblin skeleton (D:9)
  4 goblin zombies
  2 hobgoblin skeletons (D:9)
  4 hobgoblin zombies
  24 kobolds
  3 orc skeletons (D:9)
  13 orc zombies (D:9)
  27 rats
956 creatures vanquished.

Vanquished Creatures (others)
  2 bloated husks
  A tyrant leech (Swamp:3)
  A swamp drake (Swamp:4)
  An orc wizard (D:7)
  12 foxfires
  15 fungi
  70 plants
102 creatures vanquished.

Grand Total: 1058 creatures vanquished

Notes
Turn   | Place    | Note
-------+----------+-------------------------------------------
     0 | D:1      | qw the Gargoyle Fighter began the quest for the Orb.
     0 | D:1      | Reached XP level 1. HP: 14/14 MP: 1/1
     0 | D:1      | 0 ||| qw: Version: 0.2-a-13-gfc7b4b4
     0 | D:1      | 0 ||| qw: Game counter: 1716
     0 | D:1      | 0 ||| qw: Always use a shield: true
     0 | D:1      | 0 ||| qw: God list: Okawaru
     0 | D:1      | 0 ||| qw: Allow faded altars: false
     0 | D:1      | 0 ||| qw: Do Orc after D:15 true
     0 | D:1      | 0 ||| qw: Do second Lair branch before Depths: true
     0 | D:1      | 0 ||| qw: Lair rune preference: random
     0 | D:1      | 0 ||| qw: Plans: Normal, Zot:1-4, God:TSO, Crypt, Tomb,
                  | Pan, Slime:5, Hells, Abyss, Orb
     0 | D:1      | 0 ||| PLANNING D:1-11
    36 | D:1      | 36 ||| Stepping ~*~*~tactically~*~*~ (hiding).
    82 | D:1      | 82 ||| Stepping ~*~*~tactically~*~*~ (stealth).
    92 | D:1      | Reached XP level 2. HP: 9/19 MP: 2/2
   355 | D:1      | 355 ||| Stepping ~*~*~tactically~*~*~ (stealth).
   356 | D:1      | 356 ||| Stepping ~*~*~tactically~*~*~ (stealth).
   511 | D:1      | 511 ||| Stepping ~*~*~tactically~*~*~ (stealth).
   680 | D:1      | Reached skill level 3 in Axes
   708 | D:1      | 708 ||| Stepping ~*~*~tactically~*~*~ (stealth).
   841 | D:1      | 841 ||| DROPPING +0 club.
   869 | D:1      | Found a faded altar of an unknown god.
   916 | D:1      | Reached XP level 3. HP: 23/23 MP: 3/3
  1145 | D:1      | 1145 ||| UPGRADING to +0 pair of gloves.
  1150 | D:1      | 1150 ||| UPGRADING to +0 plate armour of willpower.
  1160 | D:1      | 1160 ||| DROPPING +0 scale mail.
  1161 | D:1      | 1161 ||| READING 2 scrolls labelled POAKEM DOPSI.
  1162 | D:1      | 1162 ||| READING scroll labelled XOITHR LAOCW.
  1165 | D:1      | 1165 ||| READING scroll labelled YFFAPP ROMNU.
  1266 | D:1      | 1266 ||| DRINKING 2 fuming orange potions.
  1266 | D:1      | Gained mutation: You have a pair of small horns on your
                  | head. [potion of mutation]
  1267 | D:1      | 1267 ||| DRINKING 3 bubbling amethyst potions.
  1268 | D:1      | 1268 ||| DRINKING 2 sedimented silvery potions.
  1269 | D:1      | 1269 ||| DROPPING potion of invisibility.
  1322 | D:2      | 1322 ||| Stepping ~*~*~tactically~*~*~ (stealth).
  1745 | D:2      | Found Fauvokk's Antique Armour Emporium.
  1759 | D:2      | 1759 ||| SHOPLISTING pair of glowing boots (195 gold, have
                  | 81).
  1805 | D:2      | 1805 ||| UPGRADING to ring of protection from cold.
  1806 | D:2      | 1806 ||| READING scroll labelled OJUKUL EPAO.
  1807 | D:2      | 1807 ||| READING 2 scrolls labelled WOELIA BOENN.
  1808 | D:2      | 1808 ||| READING scroll labelled ISITOG RICS.
  1809 | D:2      | 1809 ||| READING scroll labelled FESELIJUG ADIYZ.
  1857 | D:2      | 1857 ||| READING scroll labelled USULUYC JOKU.
  1858 | D:2      | 1858 ||| READING 2 scrolls of identify.
  1858 | D:2      | 1858 ||| IDENTIFYING amethyst potion
  1859 | D:2      | 1859 ||| DROPPING potion of ambrosia.
  1860 | D:2      | 1860 ||| DROPPING scroll of blinking.
  1890 | D:3      | 1890 ||| Stepping ~*~*~tactically~*~*~ (stealth).
  1902 | D:3      | Reached XP level 4. HP: 28/28 MP: 4/4
  1916 | D:3      | 1916 ||| Stepping ~*~*~tactically~*~*~ (stealth).
  1916 | D:3      | Found a sparkling altar of Nemelex Xobeh.
  1917 | D:3      | 1917 ||| Stepping ~*~*~tactically~*~*~ (stealth).
  1918 | D:3      | 1918 ||| Stepping ~*~*~tactically~*~*~ (stealth).
  1919 | D:3      | 1919 ||| Stepping ~*~*~tactically~*~*~ (stealth).
  1921 | D:3      | 1921 ||| Stepping ~*~*~tactically~*~*~ (stealth).
  1936 | D:3      | 1936 ||| FLEEEEING.
  1968 | D:3      | 1968 ||| Stepping ~*~*~tactically~*~*~ (stealth).
  1970 | D:3      | 1970 ||| Stepping ~*~*~tactically~*~*~ (hiding).
  2072 | D:3      | Noticed Jessica
  2074 | D:3      | Killed Jessica
  2093 | D:3      | Reached XP level 5. HP: 26/32 MP: 5/5
  2351 | D:3      | HP: 8/32 [gnoll/+0 halberd (3)]
  2352 | D:3      | 2352 ||| READING scroll of teleportation.
  2353 | D:3      | 2353 ||| DRINKING 2 potions of heal wounds.
  2356 | D:3      | You fall into a shaft and drop 3 floors!
  2359 | D:6      | 2359 ||| Stepping ~*~*~tactically~*~*~ (stealth).
  2360 | D:6      | 2360 ||| Stepping ~*~*~tactically~*~*~ (stealth).
  2363 | D:6      | 2363 ||| Stepping ~*~*~tactically~*~*~ (stealth).
  2370 | D:6      | 2370 ||| Stepping ~*~*~tactically~*~*~ (stealth).
  2371 | D:6      | 2371 ||| Stepping ~*~*~tactically~*~*~ (stealth).
  2383 | D:6      | HP: 5/32 [hound (5)]
  2384 | D:6      | 2384 ||| DRINKING potion of heal wounds.
  2415 | D:6      | Identified the +5 morningstar "Gyfragge" {flame, Str+3
                  | Stlth+}
  2417 | D:6      | 2417 ||| DROPPING +0 whip.
  2436 | D:6      | 2436 ||| UPGRADING to +4 ring of evasion.
  2437 | D:6      | 2437 ||| READING 2 scrolls of identify.
  2437 | D:6      | 2437 ||| IDENTIFYING dark potion
  2440 | D:6      | Noticed an ice beast
  2446 | D:6      | Reached XP level 6. HP: 35/38 MP: 6/6
  2455 | D:6      | Killed an ice beast
  2456 | D:6      | Reached skill level 6 in Axes
  2482 | D:5      | Entered Level 5 of the Dungeon
  2518 | D:5      | Reached XP level 7. HP: 43/43 MP: 7/7
  2539 | D:5      | 2539 ||| Stepping ~*~*~tactically~*~*~ (hiding).
  2540 | D:5      | 2540 ||| FLEEEEING.
  2542 | D:5      | 2542 ||| Stepping ~*~*~tactically~*~*~ (hiding).
  2593 | D:5      | 2593 ||| FLEEEEING.
  2603 | D:5      | 2603 ||| Stepping ~*~*~tactically~*~*~ (hiding).
  2604 | D:5      | 2604 ||| Stepping ~*~*~tactically~*~*~ (hiding).
  2777 | D:4      | 2777 ||| PLANNING OSSUARY
  2831 | D:4      | 2831 ||| Stepping ~*~*~tactically~*~*~ (hiding).
  2832 | D:4      | 2832 ||| Stepping ~*~*~tactically~*~*~ (hiding).
  3047 | D:4      | 3047 ||| Stepping ~*~*~tactically~*~*~ (stealth).
  3341 | D:4      | Found a sand-covered staircase.
  3342 | D:4      | 3342 ||| FLEEEEING.
  3343 | D:4      | 3343 ||| FLEEEEING.
  3344 | D:4      | 3344 ||| FLEEEEING.
  3345 | D:4      | 3345 ||| FLEEEEING.
  3346 | D:4      | 3346 ||| FLEEEEING.
  3347 | D:4      | 3347 ||| FLEEEEING.
  3348 | D:4      | 3348 ||| FLEEEEING.
  3349 | D:4      | 3349 ||| FLEEEEING.
  3350 | D:4      | 3350 ||| FLEEEEING.
  3351 | D:4      | 3351 ||| FLEEEEING.
  3360 | D:4      | 3360 ||| STAIRDANCE
  3367 | D:3      | 3367 ||| DRINKING 2 inky potions.
  3369 | D:4      | 3369 ||| RIP OSSUARY
  3389 | D:4      | 3389 ||| PLANNING D:1-11
  3627 | D:3      | Noticed Sigmund
  3628 | D:3      | 3628 ||| Stepping ~*~*~tactically~*~*~ (hiding).
  3629 | D:3      | 3629 ||| Stepping ~*~*~tactically~*~*~ (hiding).
  3631 | D:3      | 3631 ||| Stepping ~*~*~tactically~*~*~ (hiding).
  3632 | D:3      | 3632 ||| Stepping ~*~*~tactically~*~*~ (hiding).
  3640 | D:3      | Killed Sigmund
  3641 | D:3      | Reached XP level 8. HP: 41/50 MP: 8/8
  3802 | D:3      | Found a runed translucent door.
  3803 | D:3      | Noticed Crazy Yiuf
  3993 | D:4      | Found the +7 Throatcutter {drain, coup de grace}
  4008 | D:4      | Reached skill level 1 in Dodging
  4010 | D:4      | 4010 ||| FLEEEEING.
  4011 | D:4      | 4011 ||| FLEEEEING.
  4012 | D:4      | 4012 ||| FLEEEEING.
  4013 | D:4      | 4013 ||| FLEEEEING.
  4154 | D:4      | 4154 ||| Stepping ~*~*~tactically~*~*~ (stealth).
  4155 | D:4      | 4155 ||| Stepping ~*~*~tactically~*~*~ (stealth).
  4157 | D:4      | 4157 ||| Stepping ~*~*~tactically~*~*~ (stealth).
  5171 | D:5      | 5171 ||| Stepping ~*~*~tactically~*~*~ (stealth).
  5491 | D:5      | 5491 ||| Stepping ~*~*~tactically~*~*~ (stealth).
  5549 | D:5      | 5549 ||| Stepping ~*~*~tactically~*~*~ (stealth).
  5550 | D:5      | 5550 ||| Stepping ~*~*~tactically~*~*~ (stealth).
  5608 | D:5      | Reached skill level 6 in Fighting
  5788 | D:5      | 5788 ||| READING scroll labelled BOCVER KOQATOH.
  5789 | D:5      | 5789 ||| READING 3 scrolls labelled VEAG ISCHAASYUFEDD.
  5790 | D:5      | 5790 ||| DRINKING 7 lumpy orange potions.
  5791 | D:5      | 5791 ||| READING 2 scrolls of identify.
  5791 | D:5      | 5791 ||| IDENTIFYING smoky sapphire potion
  5792 | D:5      | 5792 ||| DROPPING 2 scrolls of noise.
  5838 | D:6      | 5838 ||| Stepping ~*~*~tactically~*~*~ (stealth).
  5873 | D:6      | Reached XP level 9. HP: 29/55 MP: 9/9
  6073 | D:6      | Found Qaunu's Overcharged Wands.
  6081 | D:6      | 6081 ||| SHOPLISTING wand of digging (11) (693 gold, have
                  | 454).
  6324 | D:6      | 6324 ||| READING scroll labelled VALEIHAIMY.
  6366 | D:7      | Reached skill level 9 in Axes
  6399 | D:7      | Found a hazy altar of Hepliaklqana.
  6422 | D:7      | Found a transporter.
  6427 | D:7      | Found a transporter.
  6429 | D:7      | Noticed qw's ghost (novice GrFi)
  6431 | D:7      | Found a bloodstained altar of Trog.
  6438 | D:7      | Noticed a moth of wrath
  6477 | D:7      | Found a staircase to the Ecumenical Temple.
  6478 | D:7      | 6478 ||| PLANNING TEMPLE
  6486 | Temple   | Entered the Ecumenical Temple
  6487 | Temple   | 6487 ||| PLANNING OKAWARU WORSHIP
  6494 | Temple   | Became a worshipper of Warmaster Okawaru
  6495 | Temple   | 6495 ||| PLANNING D:1-11
  6618 | D:7      | 6618 ||| Stepping ~*~*~tactically~*~*~ (stealth).
  6622 | D:7      | 6622 ||| Stepping ~*~*~tactically~*~*~ (stealth).
  6727 | D:7      | Reached * piety under Okawaru
  6805 | D:7      | Reached skill level 6 in Armour
  6837 | D:7      | Noticed Joseph
  6856 | D:7      | Killed Joseph
  7000 | D:7      | 7000 ||| Stepping ~*~*~tactically~*~*~ (stealth).
  7011 | D:7      | Reached skill level 3 in Invocations
  7011 | D:7      | Noticed a hornet
  7012 | D:7      | 7012 ||| Stepping ~*~*~tactically~*~*~ (hiding).
  7016 | D:7      | 7016 ||| INVOKING Heroism.
  7018 | D:7      | Reached ** piety under Okawaru
  7030 | D:7      | Killed a hornet
  7064 | D:7      | 7064 ||| Stepping ~*~*~tactically~*~*~ (stealth).
  7065 | D:7      | 7065 ||| Stepping ~*~*~tactically~*~*~ (stealth).
  7078 | D:7      | 7078 ||| Stepping ~*~*~tactically~*~*~ (stealth).
  7084 | D:7      | 7084 ||| INVOKING Heroism.
  7090 | D:7      | Reached XP level 10. HP: 63/63 MP: 10/13
  7105 | D:7      | 7105 ||| Stepping ~*~*~tactically~*~*~ (stealth).
  7130 | D:7      | 7130 ||| FLEEEEING.
  7133 | D:7      | 7133 ||| Stepping ~*~*~tactically~*~*~ (stealth).
  7138 | D:7      | 7138 ||| INVOKING Heroism.
  7175 | D:7      | 7175 ||| FLEEEEING.
  7176 | D:7      | 7176 ||| FLEEEEING.
  7177 | D:7      | 7177 ||| FLEEEEING.
  7179 | D:7      | 7179 ||| FLEEEEING.
  7180 | D:7      | 7180 ||| FLEEEEING.
  7181 | D:7      | 7181 ||| FLEEEEING.
  7182 | D:7      | 7182 ||| FLEEEEING.
  7183 | D:7      | 7183 ||| FLEEEEING.
  7184 | D:7      | 7184 ||| FLEEEEING.
  7185 | D:7      | 7185 ||| FLEEEEING.
  7186 | D:7      | 7186 ||| FLEEEEING.
  7187 | D:7      | 7187 ||| FLEEEEING.
  7188 | D:7      | 7188 ||| FLEEEEING.
  7189 | D:7      | 7189 ||| FLEEEEING.
  7190 | D:7      | 7190 ||| FLEEEEING.
  7191 | D:7      | 7191 ||| FLEEEEING.
  7196 | D:7      | 7196 ||| INVOKING Heroism.
  7283 | D:7      | 7283 ||| Stepping ~*~*~tactically~*~*~ (stealth).
  7284 | D:7      | 7284 ||| INVOKING Heroism.
  7517 | D:7      | 7517 ||| Stepping ~*~*~tactically~*~*~ (stealth).
  7847 | D:7      | 7847 ||| UPGRADING to +0 cloak.
  7852 | D:7      | 7852 ||| UPGRADING to scarf of repulsion.
  7862 | D:7      | 7862 ||| DRINKING 2 yellow potions.
  7905 | D:7      | 7905 ||| READING 2 scrolls of identify.
  7905 | D:7      | 7905 ||| IDENTIFYING silvery potion
  7906 | D:7      | 7906 ||| DROPPING potion of flight.
  8040 | D:8      | 8040 ||| INVOKING Heroism.
  8064 | D:8      | 8064 ||| SWAPPING to +0 war axe of draining.
  8065 | D:8      | 8065 ||| DROPPING +0 war axe.
  8081 | D:8      | 8081 ||| READING scroll of enchant armour.
  8081 | D:8      | 8081 ||| ENCHANTING +0 pair of gloves.
  8163 | D:8      | Found a hide-covered altar of Uskayaw.
  8166 | D:8      | Found a blossoming altar of Fedhas.
  8169 | D:8      | Found a bloodstained altar of Trog.
  8446 | D:8      | Noticed qw's ghost (novice GrFi)
  8449 | D:8      | Found a runed translucent door.
  8451 | D:8      | Identified the +2 spear of the Equinox {pain, Str+4}
  8743 | D:8      | 8743 ||| Stepping ~*~*~tactically~*~*~ (stealth).
  8776 | D:8      | 8776 ||| Stepping ~*~*~tactically~*~*~ (stealth).
  8777 | D:8      | 8777 ||| Stepping ~*~*~tactically~*~*~ (stealth).
  8791 | D:8      | 8791 ||| Stepping ~*~*~tactically~*~*~ (stealth).
  8792 | D:8      | 8792 ||| Stepping ~*~*~tactically~*~*~ (stealth).
  8793 | D:8      | 8793 ||| INVOKING Heroism.
  8804 | D:8      | Reached skill level 1 in Throwing
  8824 | D:8      | 8824 ||| Stepping ~*~*~tactically~*~*~ (stealth).
  8880 | D:8      | 8880 ||| Stepping ~*~*~tactically~*~*~ (hiding).
  8900 | D:8      | Reached *** piety under Okawaru
  9002 | D:8      | 9002 ||| INVOKING Heroism.
  9028 | D:8      | 9028 ||| INVOKING Heroism.
  9108 | D:9      | 9108 ||| STAIRDANCE
  9114 | D:9      | 9114 ||| INVOKING Heroism.
  9115 | D:9      | 9115 ||| STAIRDANCE
  9135 | D:9      | 9135 ||| INVOKING Heroism.
  9209 | D:9      | 9209 ||| Stepping ~*~*~tactically~*~*~ (hiding).
  9309 | D:9      | 9309 ||| INVOKING Heroism.
  9407 | D:9      | 9407 ||| Stepping ~*~*~tactically~*~*~ (stealth).
  9410 | D:9      | 9410 ||| Stepping ~*~*~tactically~*~*~ (stealth).
  9495 | D:9      | 9495 ||| Stepping ~*~*~tactically~*~*~ (stealth).
  9496 | D:9      | 9496 ||| Stepping ~*~*~tactically~*~*~ (stealth).
  9513 | D:9      | 9513 ||| INVOKING Heroism.
  9652 | D:9      | Found a staircase to the Orcish Mines.
  9653 | D:9      | 9653 ||| INVOKING Heroism.
  9691 | D:9      | 9691 ||| INVOKING Heroism.
  9778 | D:9      | 9778 ||| Stepping ~*~*~tactically~*~*~ (hiding).
  9808 | D:9      | Reached **** piety under Okawaru
  9949 | D:9      | 9949 ||| INVOKING Heroism.
 10034 | D:9      | Identified the +1 leather armour "Aschyps" {rC+ Dex+4}
 10326 | D:9      | 10326 ||| READING 2 scrolls of identify.
 10326 | D:9      | 10326 ||| IDENTIFYING blue potion
 10327 | D:9      | 10327 ||| DROPPING potion of degeneration.
 10374 | D:10     | Entered Level 10 of the Dungeon
 10379 | D:10     | 10379 ||| STAIRDANCE
 10417 | D:10     | 10417 ||| STAIRDANCE
 10425 | D:9      | Reached skill level 9 in Fighting
 10425 | D:9      | Reached XP level 11. HP: 62/71 MP: 14/14
 10468 | D:10     | 10468 ||| STAIRDANCE
 10477 | D:10     | 10477 ||| STAIRDANCE
 10489 | D:10     | 10489 ||| STAIRDANCE
 10512 | D:10     | 10512 ||| STAIRDANCE
 10523 | D:10     | 10523 ||| STAIRDANCE
 10553 | D:10     | 10553 ||| STAIRDANCE
 10610 | D:10     | 10610 ||| STAIRDANCE
 10656 | D:10     | 10656 ||| STAIRDANCE
 10681 | D:10     | Received a gift from Okawaru
 10684 | D:10     | Found a staircase to the Lair.
 10740 | D:10     | 10740 ||| INVOKING Heroism.
 10823 | D:10     | Reached skill level 6 in Invocations
 10847 | D:10     | 10847 ||| Stepping ~*~*~tactically~*~*~ (stealth).
 11029 | D:10     | 11029 ||| INVOKING Heroism.
 11068 | D:10     | 11068 ||| INVOKING Heroism.
 11070 | D:10     | 11070 ||| Stepping ~*~*~tactically~*~*~ (hiding).
 11249 | D:10     | 11249 ||| INVOKING Heroism.
 11258 | D:10     | Received a gift from Okawaru
 11366 | D:10     | 11366 ||| PLANNING LAIR
 11366 | D:10     | 11366 ||| UPGRADING to +0 pair of boots.
 11371 | D:10     | 11371 ||| READING scroll labelled PITAEL ABIPLE.
 11372 | D:10     | 11372 ||| READING scroll labelled YLIPPU YNLYNE.
 11373 | D:10     | 11373 ||| READING 2 scrolls labelled ASE JEOSTRIR.
 11374 | D:10     | 11374 ||| READING 3 scrolls of identify.
 11374 | D:10     | 11374 ||| IDENTIFYING clear potion
 11375 | D:10     | 11375 ||| DROPPING potion of berserk rage.
 11376 | D:10     | 11376 ||| DROPPING scroll of poison.
 11420 | Lair:1   | Entered Level 1 of the Lair of Beasts
 11545 | Lair:1   | 11545 ||| INVOKING Heroism.
 11718 | Lair:1   | 11718 ||| DROPPING +3 morningstar.
 11799 | Lair:1   | Found a dark tunnel.
 12206 | Lair:1   | 12206 ||| READING scroll labelled CAECVU FOLAPT.
 12223 | Lair:2   | 12223 ||| INVOKING Heroism.
 12304 | Lair:2   | Found a staircase to the Swamp.
 12332 | Lair:2   | 12332 ||| INVOKING Heroism.
 12390 | Lair:2   | 12390 ||| INVOKING Heroism.
 12394 | Lair:2   | 12394 ||| Stepping ~*~*~tactically~*~*~ (stealth).
 12446 | Lair:2   | 12446 ||| Stepping ~*~*~tactically~*~*~ (stealth).
 12449 | Lair:2   | 12449 ||| Stepping ~*~*~tactically~*~*~ (stealth).
 12460 | Lair:2   | 12460 ||| INVOKING Heroism.
 12641 | Lair:2   | 12641 ||| INVOKING Heroism.
 12647 | Lair:2   | Reached skill level 12 in Axes
 12717 | Lair:2   | Noticed a four-headed hydra
 12718 | Lair:2   | 12718 ||| INVOKING Heroism.
 12720 | Lair:2   | 12720 ||| SWAPPING to +5 morningstar "Gyfragge" {flame,
                  | Str+3 Stlth+}.
 12725 | Lair:2   | Killed a four-headed hydra
 12725 | Lair:2   | Reached ***** piety under Okawaru
 12726 | Lair:2   | Reached skill level 9 in Invocations
 12726 | Lair:2   | Reached XP level 12. HP: 69/76 MP: 16/18
 12726 | Lair:2   | 12726 ||| SWAPPING to +0 war axe of draining.
 12816 | Lair:2   | 12816 ||| INVOKING Heroism.
 13293 | Lair:2   | 13293 ||| DROPPING amulet of guardian spirit.
 13294 | Lair:2   | 13294 ||| READING 6 scrolls of identify.
 13294 | Lair:2   | 13294 ||| IDENTIFYING green potion
 13334 | Lair:3   | 13334 ||| Stepping ~*~*~tactically~*~*~ (stealth).
 13339 | Lair:3   | Noticed Rupert
 13339 | Lair:3   | 13339 ||| INVOKING Heroism.
 13340 | Lair:3   | 13340 ||| INVOKING Finesse.
 13342 | Lair:3   | 13342 ||| Stepping ~*~*~tactically~*~*~ (stealth).
 13344 | Lair:3   | Reached skill level 6 in Shields
 13364 | Lair:3   | Killed Rupert
 13365 | Lair:3   | Reached skill level 9 in Armour
 13421 | Lair:3   | 13421 ||| INVOKING Heroism.
 13435 | Lair:3   | Received a gift from Okawaru
 13468 | Lair:3   | Noticed a seven-headed hydra
 13468 | Lair:3   | Noticed a six-headed hydra
 13469 | Lair:3   | 13469 ||| INVOKING Heroism.
 13470 | Lair:3   | 13470 ||| SWAPPING to +5 morningstar "Gyfragge" {flame,
                  | Str+3 Stlth+}.
 13471 | Lair:3   | 13471 ||| INVOKING Finesse.
 13478 | Lair:3   | Killed a seven-headed hydra
 13479 | Lair:3   | Reached skill level 3 in Throwing
 13486 | Lair:3   | Killed a six-headed hydra
 13487 | Lair:3   | 13487 ||| SWAPPING to +0 war axe of draining.
 13532 | Lair:3   | 13532 ||| Stepping ~*~*~tactically~*~*~ (hiding).
 13540 | Lair:3   | 13540 ||| INVOKING Heroism.
 13543 | Lair:3   | Found a staircase to the Snake Pit.
 13550 | Lair:3   | 13550 ||| Stepping ~*~*~tactically~*~*~ (hiding).
 13593 | Lair:3   | Noticed a death yak
 13593 | Lair:3   | Noticed a death yak
 13593 | Lair:3   | Noticed a death yak
 13594 | Lair:3   | 13594 ||| Stepping ~*~*~tactically~*~*~ (stealth).
 13595 | Lair:3   | Noticed a death yak
 13596 | Lair:3   | 13596 ||| INVOKING Heroism.
 13597 | Lair:3   | 13597 ||| INVOKING Finesse.
 13602 | Lair:3   | Killed a death yak
 13610 | Lair:3   | Killed a death yak
 13626 | Lair:3   | Killed a death yak
 13629 | Lair:3   | Killed a death yak
 13629 | Lair:3   | Received a gift from Okawaru
 13630 | Lair:3   | Reached XP level 13. HP: 82/82 MP: 14/20
 13665 | Lair:3   | 13665 ||| DROPPING +1 hand axe of electrocution.
 13850 | Lair:3   | 13850 ||| INVOKING Heroism.
 13871 | Lair:3   | 13871 ||| Stepping ~*~*~tactically~*~*~ (stealth).
 13929 | Lair:3   | 13929 ||| Stepping ~*~*~tactically~*~*~ (stealth).
 13948 | Lair:3   | 13948 ||| Stepping ~*~*~tactically~*~*~ (stealth).
 13950 | Lair:3   | 13950 ||| INVOKING Heroism.
 13951 | Lair:3   | 13951 ||| Stepping ~*~*~tactically~*~*~ (stealth).
 13954 | Lair:3   | 13954 ||| SWAPPING to +5 morningstar "Gyfragge" {flame,
                  | Str+3 Stlth+}.
 13955 | Lair:3   | 13955 ||| SWAPPING to +0 war axe of draining.
 13960 | Lair:3   | 13960 ||| SWAPPING to +5 morningstar "Gyfragge" {flame,
                  | Str+3 Stlth+}.
 13961 | Lair:3   | 13961 ||| SWAPPING to +0 war axe of draining.
 13963 | Lair:3   | 13963 ||| SWAPPING to +5 morningstar "Gyfragge" {flame,
                  | Str+3 Stlth+}.
 13964 | Lair:3   | 13964 ||| INVOKING Finesse.
 13965 | Lair:3   | 13965 ||| Stepping ~*~*~tactically~*~*~ (outnumbered).
 13966 | Lair:3   | 13966 ||| Stepping ~*~*~tactically~*~*~ (outnumbered).
 13967 | Lair:3   | 13967 ||| Stepping ~*~*~tactically~*~*~ (outnumbered).
 13968 | Lair:3   | 13968 ||| Stepping ~*~*~tactically~*~*~ (outnumbered).
 13969 | Lair:3   | 13969 ||| Stepping ~*~*~tactically~*~*~ (outnumbered).
 13970 | Lair:3   | 13970 ||| Stepping ~*~*~tactically~*~*~ (outnumbered).
 13971 | Lair:3   | 13971 ||| Stepping ~*~*~tactically~*~*~ (outnumbered).
 13972 | Lair:3   | 13972 ||| Stepping ~*~*~tactically~*~*~ (outnumbered).
 13981 | Lair:3   | 13981 ||| SWAPPING to +0 war axe of draining.
 14280 | Lair:3   | 14280 ||| INVOKING Heroism.
 14768 | Lair:4   | 14768 ||| INVOKING Heroism.
 14930 | Lair:4   | 14930 ||| INVOKING Heroism.
 14983 | Lair:4   | 14983 ||| INVOKING Finesse.
 14991 | Lair:4   | 14991 ||| INVOKING Heroism.
 15104 | Lair:4   | 15104 ||| INVOKING Heroism.
 15105 | Lair:4   | 15105 ||| INVOKING Finesse.
 15657 | Lair:4   | 15657 ||| UPGRADING to ring of see invisible.
 15659 | Lair:4   | 15659 ||| READING scroll labelled JEUTRO ZIXKUX.
 15732 | Lair:5   | Entered Level 5 of the Lair of Beasts
 15733 | Lair:5   | 15733 ||| INVOKING Heroism.
 15734 | Lair:5   | 15734 ||| INVOKING Finesse.
 15735 | Lair:5   | 15735 ||| STAIRDANCE
 15778 | Lair:5   | 15778 ||| INVOKING Heroism.
 15779 | Lair:5   | 15779 ||| INVOKING Finesse.
 15785 | Lair:5   | Received a gift from Okawaru
 15835 | Lair:5   | 15835 ||| INVOKING Heroism.
 15993 | Lair:5   | 15993 ||| INVOKING Heroism.
 16108 | Lair:5   | 16108 ||| INVOKING Heroism.
 16234 | Lair:5   | 16234 ||| FLEEEEING.
 16235 | Lair:5   | 16235 ||| FLEEEEING.
 16236 | Lair:5   | 16236 ||| FLEEEEING.
 16237 | Lair:5   | 16237 ||| FLEEEEING.
 16238 | Lair:5   | 16238 ||| FLEEEEING.
 16239 | Lair:5   | 16239 ||| FLEEEEING.
 16240 | Lair:5   | 16240 ||| FLEEEEING.
 16241 | Lair:5   | 16241 ||| FLEEEEING.
 16242 | Lair:5   | 16242 ||| FLEEEEING.
 16243 | Lair:5   | 16243 ||| FLEEEEING.
 16244 | Lair:5   | 16244 ||| FLEEEEING.
 16245 | Lair:5   | 16245 ||| FLEEEEING.
 16246 | Lair:5   | 16246 ||| FLEEEEING.
 16247 | Lair:5   | 16247 ||| FLEEEEING.
 16248 | Lair:5   | 16248 ||| FLEEEEING.
 16249 | Lair:5   | 16249 ||| FLEEEEING.
 16250 | Lair:5   | 16250 ||| FLEEEEING.
 16251 | Lair:5   | 16251 ||| FLEEEEING.
 16252 | Lair:5   | 16252 ||| FLEEEEING.
 16253 | Lair:5   | 16253 ||| FLEEEEING.
 16254 | Lair:5   | 16254 ||| FLEEEEING.
 16255 | Lair:5   | 16255 ||| FLEEEEING.
 16256 | Lair:5   | 16256 ||| FLEEEEING.
 16257 | Lair:5   | 16257 ||| FLEEEEING.
 16258 | Lair:5   | 16258 ||| FLEEEEING.
 16259 | Lair:5   | 16259 ||| FLEEEEING.
 16260 | Lair:5   | 16260 ||| FLEEEEING.
 16261 | Lair:5   | 16261 ||| FLEEEEING.
 16262 | Lair:5   | 16262 ||| FLEEEEING.
 16263 | Lair:5   | 16263 ||| FLEEEEING.
 16264 | Lair:5   | 16264 ||| FLEEEEING.
 16266 | Lair:5   | 16266 ||| FLEEEEING.
 16267 | Lair:5   | 16267 ||| FLEEEEING.
 16268 | Lair:5   | 16268 ||| FLEEEEING.
 16269 | Lair:5   | 16269 ||| FLEEEEING.
 16270 | Lair:5   | 16270 ||| FLEEEEING.
 16271 | Lair:5   | 16271 ||| FLEEEEING.
 16272 | Lair:5   | 16272 ||| FLEEEEING.
 16273 | Lair:5   | 16273 ||| FLEEEEING.
 16274 | Lair:5   | 16274 ||| FLEEEEING.
 16275 | Lair:5   | 16275 ||| FLEEEEING.
 16276 | Lair:5   | 16276 ||| FLEEEEING.
 16277 | Lair:5   | 16277 ||| INVOKING Heroism.
 16414 | Lair:5   | Found a viscous altar of Jiyva.
 16414 | Lair:5   | Found a staircase to the Slime Pits.
 16440 | Lair:5   | 16440 ||| INVOKING Heroism.
 16587 | Lair:5   | Gained mutation: Your large and strong wings let you fly.
                  | [Gargoyle growth]
 16587 | Lair:5   | Reached XP level 14. HP: 90/90 MP: 21/21
 16639 | Lair:5   | 16639 ||| Stepping ~*~*~tactically~*~*~ (hiding).
 16643 | Lair:5   | 16643 ||| INVOKING Heroism.
 16644 | Lair:5   | 16644 ||| INVOKING Finesse.
 16653 | Lair:5   | Reached skill level 15 in Axes
 16749 | Lair:5   | 16749 ||| INVOKING Heroism.
 16841 | Lair:5   | 16841 ||| Stepping ~*~*~tactically~*~*~ (hiding).
 16842 | Lair:5   | 16842 ||| INVOKING Heroism.
 16843 | Lair:5   | 16843 ||| SWAPPING to +5 morningstar "Gyfragge" {flame,
                  | Str+3 Stlth+}.
 16846 | Lair:5   | 16846 ||| Stepping ~*~*~tactically~*~*~ (outnumbered).
 16847 | Lair:5   | 16847 ||| Stepping ~*~*~tactically~*~*~ (outnumbered).
 16848 | Lair:5   | 16848 ||| Stepping ~*~*~tactically~*~*~ (outnumbered).
 16849 | Lair:5   | 16849 ||| Stepping ~*~*~tactically~*~*~ (outnumbered).
 16850 | Lair:5   | 16850 ||| Stepping ~*~*~tactically~*~*~ (outnumbered).
 16851 | Lair:5   | 16851 ||| Stepping ~*~*~tactically~*~*~ (outnumbered).
 16852 | Lair:5   | 16852 ||| Stepping ~*~*~tactically~*~*~ (outnumbered).
 16853 | Lair:5   | 16853 ||| Stepping ~*~*~tactically~*~*~ (outnumbered).
 16855 | Lair:5   | 16855 ||| SWAPPING to +1 war axe of draining.
 16856 | Lair:5   | 16856 ||| INVOKING Finesse.
 17105 | Lair:5   | Noticed a dire elephant
 17106 | Lair:5   | 17106 ||| Stepping ~*~*~tactically~*~*~ (stealth).
 17107 | Lair:5   | 17107 ||| INVOKING Heroism.
 17109 | Lair:5   | 17109 ||| INVOKING Finesse.
 17118 | Lair:5   | Reached skill level 12 in Fighting
 17127 | Lair:5   | Killed a dire elephant
 17127 | Lair:5   | Received a gift from Okawaru
 17133 | Lair:5   | 17133 ||| Stepping ~*~*~tactically~*~*~ (stealth).
 17250 | Lair:5   | 17250 ||| Stepping ~*~*~tactically~*~*~ (hiding).
 17262 | Lair:5   | 17262 ||| Stepping ~*~*~tactically~*~*~ (stealth).
 17263 | Lair:5   | 17263 ||| INVOKING Heroism.
 17274 | Lair:5   | Received a gift from Okawaru
 17360 | Lair:5   | 17360 ||| Stepping ~*~*~tactically~*~*~ (hiding).
 17563 | Lair:5   | 17563 ||| Stepping ~*~*~tactically~*~*~ (hiding).
 17625 | Lair:5   | 17625 ||| Stepping ~*~*~tactically~*~*~ (stealth).
 17639 | Lair:5   | 17639 ||| Stepping ~*~*~tactically~*~*~ (stealth).
 17665 | Lair:5   | 17665 ||| Stepping ~*~*~tactically~*~*~ (cloud).
 17666 | Lair:5   | 17666 ||| Stepping ~*~*~tactically~*~*~ (cloud).
 17676 | Lair:5   | 17676 ||| INVOKING Heroism.
 17677 | Lair:5   | 17677 ||| INVOKING Finesse.
 17684 | Lair:5   | Received a gift from Okawaru
 17699 | Lair:5   | 17699 ||| Stepping ~*~*~tactically~*~*~ (cloud).
 17751 | Lair:5   | 17751 ||| READING scroll of enchant weapon.
 17751 | Lair:5   | 17751 ||| ENCHANTING +1 war axe of draining.
 17892 | Lair:5   | 17892 ||| PLANNING D:1-11
 17892 | Lair:5   | 17892 ||| UPGRADING to +2 hat of see invisible.
 17897 | Lair:5   | 17897 ||| REMOVING ring of see invisible.
 17898 | Lair:5   | 17898 ||| UPGRADING to scarf of resistance.
 17908 | Lair:5   | 17908 ||| DROPPING +1 chain mail of willpower.
 17909 | Lair:5   | 17909 ||| UPGRADING to ring of positive energy.
 17910 | Lair:5   | 17910 ||| UPGRADING to ring of protection from cold.
 18113 | D:11     | 18113 ||| Stepping ~*~*~tactically~*~*~ (stealth).
 18116 | D:11     | 18116 ||| Stepping ~*~*~tactically~*~*~ (stealth).
 18221 | D:11     | 18221 ||| INVOKING Heroism.
 18299 | D:11     | 18299 ||| INVOKING Heroism.
 18300 | D:11     | 18300 ||| INVOKING Finesse.
 18477 | D:11     | 18477 ||| Stepping ~*~*~tactically~*~*~ (stealth).
 18486 | D:11     | Received a gift from Okawaru
 18840 | D:11     | 18840 ||| PLANNING D
 18872 | D:12     | 18872 ||| INVOKING Heroism.
 18889 | D:12     | Noticed Nergalle
 18898 | D:12     | Killed Nergalle
 18977 | D:12     | 18977 ||| READING scroll of enchant weapon.
 18977 | D:12     | 18977 ||| ENCHANTING +2 war axe of draining.
 19036 | D:12     | 19036 ||| Stepping ~*~*~tactically~*~*~ (stealth).
 19038 | D:12     | 19038 ||| INVOKING Heroism.
 19041 | D:12     | 19041 ||| Stepping ~*~*~tactically~*~*~ (stealth).
 19042 | D:12     | 19042 ||| Stepping ~*~*~tactically~*~*~ (stealth).
 19043 | D:12     | 19043 ||| Stepping ~*~*~tactically~*~*~ (stealth).
 19053 | D:12     | 19053 ||| Stepping ~*~*~tactically~*~*~ (stealth).
 19054 | D:12     | 19054 ||| Stepping ~*~*~tactically~*~*~ (stealth).
 19097 | D:12     | 19097 ||| FLEEEEING.
 19098 | D:12     | 19098 ||| FLEEEEING.
 19100 | D:12     | 19100 ||| FLEEEEING.
 19104 | D:12     | 19104 ||| FLEEEEING.
 19105 | D:12     | 19105 ||| FLEEEEING.
 19106 | D:12     | 19106 ||| FLEEEEING.
 19107 | D:12     | 19107 ||| FLEEEEING.
 19108 | D:12     | 19108 ||| FLEEEEING.
 19109 | D:12     | 19109 ||| FLEEEEING.
 19110 | D:12     | 19110 ||| FLEEEEING.
 19111 | D:12     | 19111 ||| FLEEEEING.
 19112 | D:12     | 19112 ||| FLEEEEING.
 19117 | D:12     | 19117 ||| FLEEEEING.
 19117 | D:12     | Noticed Snorg
 19118 | D:12     | 19118 ||| FLEEEEING.
 19119 | D:12     | 19119 ||| FLEEEEING.
 19120 | D:12     | 19120 ||| FLEEEEING.
 19121 | D:12     | 19121 ||| STAIRDANCE
 19123 | D:11     | 19123 ||| INVOKING Heroism.
 19124 | D:11     | 19124 ||| INVOKING Finesse.
 19130 | D:11     | Killed Snorg
 19218 | D:12     | 19218 ||| INVOKING Heroism.
 19687 | D:13     | 19687 ||| INVOKING Heroism.
 19703 | D:13     | Received a gift from Okawaru
 19707 | D:13     | Reached skill level 3 in Dodging
 19773 | D:13     | 19773 ||| Stepping ~*~*~tactically~*~*~ (stealth).
 19774 | D:13     | 19774 ||| Stepping ~*~*~tactically~*~*~ (stealth).
 19779 | D:13     | 19779 ||| Stepping ~*~*~tactically~*~*~ (stealth).
 19780 | D:13     | 19780 ||| INVOKING Heroism.
 19806 | D:13     | HP: 18/92 [orc knight/+3 halberd (15)]
 19807 | D:13     | 19807 ||| READING 14 scrolls of teleportation.
 20153 | D:13     | 20153 ||| INVOKING Heroism.
 20167 | D:13     | Reached XP level 15. HP: 97/97 MP: 22/22
 20515 | D:13     | 20515 ||| Stepping ~*~*~tactically~*~*~ (stealth).
 20516 | D:13     | 20516 ||| Stepping ~*~*~tactically~*~*~ (stealth).
 20524 | D:13     | 20524 ||| Stepping ~*~*~tactically~*~*~ (hiding).
 20525 | D:13     | 20525 ||| Stepping ~*~*~tactically~*~*~ (hiding).
 20527 | D:13     | 20527 ||| INVOKING Heroism.
 20567 | D:13     | Found a gate to the Vaults.
 21050 | D:13     | 21050 ||| Stepping ~*~*~tactically~*~*~ (hiding).
 21051 | D:13     | 21051 ||| Stepping ~*~*~tactically~*~*~ (hiding).
 21053 | D:13     | 21053 ||| Stepping ~*~*~tactically~*~*~ (hiding).
 21059 | D:13     | 21059 ||| INVOKING Heroism.
 21308 | D:14     | 21308 ||| Stepping ~*~*~tactically~*~*~ (hiding).
 21310 | D:14     | 21310 ||| Stepping ~*~*~tactically~*~*~ (hiding).
 21445 | D:14     | 21445 ||| Stepping ~*~*~tactically~*~*~ (hiding).
 21515 | D:14     | Received a gift from Okawaru
 21517 | D:14     | 21517 ||| FLEEEEING.
 21518 | D:14     | 21518 ||| FLEEEEING.
 21519 | D:14     | 21519 ||| FLEEEEING.
 21626 | D:14     | 21626 ||| UPGRADING to +1 kite shield of reflection.
 21636 | D:14     | 21636 ||| DROPPING +0 buckler.
 21637 | D:14     | 21637 ||| READING 13 scrolls of teleportation.
 21676 | D:14     | 21676 ||| READING 12 scrolls of teleportation.
 21692 | D:14     | 21692 ||| Stepping ~*~*~tactically~*~*~ (stealth).
 21694 | D:14     | 21694 ||| Stepping ~*~*~tactically~*~*~ (stealth).
 21695 | D:14     | 21695 ||| Stepping ~*~*~tactically~*~*~ (stealth).
 21696 | D:14     | 21696 ||| Stepping ~*~*~tactically~*~*~ (stealth).
 21700 | D:14     | 21700 ||| INVOKING Heroism.
 21749 | D:14     | Noticed Louise
 21750 | D:14     | 21750 ||| INVOKING Heroism.
 21751 | D:14     | 21751 ||| INVOKING Finesse.
 21758 | D:14     | Reached skill level 9 in Shields
 21780 | D:14     | Killed Louise
 21886 | D:14     | 21886 ||| Stepping ~*~*~tactically~*~*~ (hiding).
 21888 | D:14     | 21888 ||| Stepping ~*~*~tactically~*~*~ (hiding).
 21909 | D:14     | 21909 ||| INVOKING Heroism.
 21910 | D:14     | Noticed Lodul
 21926 | D:14     | Killed Lodul
 22018 | D:14     | 22018 ||| Stepping ~*~*~tactically~*~*~ (stealth).
 22041 | D:14     | 22041 ||| Stepping ~*~*~tactically~*~*~ (hiding).
 22048 | D:14     | 22048 ||| INVOKING Heroism.
 22055 | D:14     | 22055 ||| Stepping ~*~*~tactically~*~*~ (hiding).
 22233 | D:14     | 22233 ||| UPGRADING to +2 tower shield.
 22243 | D:14     | 22243 ||| Stepping ~*~*~tactically~*~*~ (stealth).
 22244 | D:14     | 22244 ||| DROPPING +1 kite shield of reflection.
 22246 | D:14     | 22246 ||| READING 11 scrolls of teleportation.
 22713 | D:14     | Identified the +1 great sword of the Leaping Fulmar {flame,
                  | rPois rN+ Stlth-} (Okawaru gifted it to you on level 14 of
                  | the Dungeon)
 22713 | D:14     | Received a gift from Okawaru
 22800 | D:14     | 22800 ||| UPGRADING to ring of willpower.
 22831 | D:15     | Entered Level 15 of the Dungeon
 22847 | D:15     | 22847 ||| INVOKING Heroism.
 22917 | D:15     | 22917 ||| INVOKING Heroism.
 22940 | D:15     | 22940 ||| INVOKING Heroism.
 23074 | D:15     | 23074 ||| INVOKING Heroism.
 23198 | D:15     | Reached skill level 12 in Shields
 23408 | D:15     | 23408 ||| Stepping ~*~*~tactically~*~*~ (hiding).
 23481 | D:15     | 23481 ||| INVOKING Heroism.
 23486 | D:15     | Identified the -2 pair of boots "Leoda" {rElec Regen+
                  | Stlth+} (Okawaru gifted it to you on level 15 of the
                  | Dungeon)
 23486 | D:15     | Received a gift from Okawaru
 23580 | D:15     | Found a staircase to the Depths.
 23668 | D:15     | 23668 ||| INVOKING Heroism.
 23746 | D:15     | Found a runed translucent door.
 23746 | D:15     | Found a shimmering altar of Xom.
 23746 | D:15     | Noticed Qishud's ghost (adept GrEE)
 23790 | D:15     | 23790 ||| Stepping ~*~*~tactically~*~*~ (stealth).
 23792 | D:15     | 23792 ||| Stepping ~*~*~tactically~*~*~ (stealth).
 23796 | D:15     | 23796 ||| Stepping ~*~*~tactically~*~*~ (hiding).
 23797 | D:15     | 23797 ||| Stepping ~*~*~tactically~*~*~ (hiding).
 23798 | D:15     | 23798 ||| Stepping ~*~*~tactically~*~*~ (hiding).
 23799 | D:15     | 23799 ||| INVOKING Heroism.
 23809 | D:15     | Reached XP level 16. HP: 104/104 MP: 21/23
 23966 | D:15     | 23966 ||| PLANNING ORC
 23966 | D:15     | 23966 ||| UPGRADING to -2 pair of boots "Leoda" {rElec
                  | Regen+ Stlth+}.
 23976 | D:15     | 23976 ||| DROPPING +0 pair of boots.
 24111 | Orc:1    | Entered Level 1 of the Orcish Mines
 24112 | Orc:1    | 24112 ||| INVOKING Heroism.
 24115 | Orc:1    | Noticed Sonja
 24116 | Orc:1    | 24116 ||| INVOKING Finesse.
 24152 | Orc:1    | Killed Sonja
 24231 | Orc:1    | 24231 ||| DROPPING +5 morningstar "Gyfragge" {flame, Str+3
                  | Stlth+}.
 24390 | Orc:2    | Entered Level 2 of the Orcish Mines
 24409 | Orc:2    | 24409 ||| INVOKING Heroism.
 24541 | Orc:2    | Found a runed translucent door.
 24541 | Orc:2    | Noticed qw's ghost (adept GrFi)
 24567 | Orc:2    | 24567 ||| Stepping ~*~*~tactically~*~*~ (hiding).
 24568 | Orc:2    | 24568 ||| INVOKING Heroism.
 24574 | Orc:2    | Found Minasodi's Distillery.
 24577 | Orc:2    | 24577 ||| Stepping ~*~*~tactically~*~*~ (stealth).
 24584 | Orc:2    | 24584 ||| Stepping ~*~*~tactically~*~*~ (stealth).
 24586 | Orc:2    | 24586 ||| Stepping ~*~*~tactically~*~*~ (hiding).
 24626 | Orc:2    | 24626 ||| Stepping ~*~*~tactically~*~*~ (stealth).
 24632 | Orc:2    | 24632 ||| Stepping ~*~*~tactically~*~*~ (stealth).
 24634 | Orc:2    | 24634 ||| INVOKING Heroism.
 24647 | Orc:2    | 24647 ||| Stepping ~*~*~tactically~*~*~ (stealth).
 24665 | Orc:2    | 24665 ||| Stepping ~*~*~tactically~*~*~ (hiding).
 24689 | Orc:2    | Reached skill level 15 in Shields
 24721 | Orc:2    | 24721 ||| Stepping ~*~*~tactically~*~*~ (stealth).
 24728 | Orc:2    | 24728 ||| FLEEEEING.
 24729 | Orc:2    | 24729 ||| FLEEEEING.
 24737 | Orc:2    | 24737 ||| STAIRDANCE
 24755 | Orc:2    | 24755 ||| FLEEEEING.
 24757 | Orc:2    | 24757 ||| FLEEEEING.
 24758 | Orc:2    | 24758 ||| FLEEEEING.
 24759 | Orc:2    | 24759 ||| FLEEEEING.
 24760 | Orc:2    | 24760 ||| STAIRDANCE
 24789 | Orc:2    | 24789 ||| Stepping ~*~*~tactically~*~*~ (stealth).
 24790 | Orc:2    | 24790 ||| Stepping ~*~*~tactically~*~*~ (stealth).
 24790 | Orc:2    | Found Irphutwiu's General Store.
 24814 | Orc:2    | 24814 ||| Stepping ~*~*~tactically~*~*~ (stealth).
 24832 | Orc:2    | Found Cyrexath's Antique Armour Boutique.
 24835 | Orc:2    | 24835 ||| BUYING 2 potions of curing (84 gold).
 24835 | Orc:2    | Bought 2 potions of curing for 84 gold pieces
 24835 | Orc:2    | 24835 ||| BUYING potion of cancellation (112 gold).
 24835 | Orc:2    | Bought a potion of cancellation for 112 gold pieces
 24835 | Orc:2    | 24835 ||| BUYING potion of curing (42 gold).
 24835 | Orc:2    | Bought a potion of curing for 42 gold pieces
 24835 | Orc:2    | 24835 ||| BUYING potion of curing (42 gold).
 24835 | Orc:2    | Bought a potion of curing for 42 gold pieces
 24835 | Orc:2    | 24835 ||| BUYING potion of mutation (112 gold).
 24835 | Orc:2    | Bought a potion of mutation for 112 gold pieces
 24840 | Orc:2    | Found Jueh's Jewellery Emporium.
 24856 | Orc:2    | 24856 ||| BUYING amulet of reflection (420 gold).
 24856 | Orc:2    | Bought an amulet of reflection for 420 gold pieces
 24856 | Orc:2    | 24856 ||| BUYING ring of protection from fire (350 gold).
 24856 | Orc:2    | Bought a ring of protection from fire for 350 gold pieces
 24867 | Orc:2    | 24867 ||| BUYING +0 broad axe of electrocution (144 gold).
 24867 | Orc:2    | Bought a +0 broad axe of electrocution for 144 gold pieces
 24867 | Orc:2    | 24867 ||| BUYING potion of curing (36 gold).
 24867 | Orc:2    | Bought a potion of curing for 36 gold pieces
 24867 | Orc:2    | 24867 ||| SWAPPING to +0 broad axe of electrocution.
 24868 | Orc:2    | 24868 ||| DROPPING +3 war axe of draining.
 24910 | Orc:2    | Found a staircase to the Elven Halls.
 24916 | Orc:2    | 24916 ||| INVOKING Heroism.
 25138 | Orc:2    | 25138 ||| UPGRADING to amulet of reflection.
 25143 | Orc:2    | 25143 ||| DROPPING ring of fire.
 25183 | Orc:1    | 25183 ||| INVOKING Heroism.
 25200 | Orc:1    | Noticed Gastronok
 25219 | Orc:1    | Killed Gastronok
 25309 | Orc:1    | 25309 ||| PLANNING SWAMP:1-3
 25444 | Swamp:1  | Entered Level 1 of the Swamp
 25478 | Swamp:1  | 25478 ||| INVOKING Heroism.
 25479 | Swamp:1  | 25479 ||| INVOKING Finesse.
 25481 | Swamp:1  | 25481 ||| SWAPPING to +2 hand axe of flaming.
 25486 | Swamp:1  | 25486 ||| SWAPPING to +0 broad axe of electrocution.
 25502 | Swamp:1  | 25502 ||| INVOKING Heroism.
 25548 | Swamp:1  | 25548 ||| Stepping ~*~*~tactically~*~*~ (hiding).
 25551 | Swamp:1  | 25551 ||| Stepping ~*~*~tactically~*~*~ (hiding).
 25555 | Swamp:1  | 25555 ||| INVOKING Heroism.
 25556 | Swamp:1  | 25556 ||| Stepping ~*~*~tactically~*~*~ (stealth).
 25635 | Swamp:1  | 25635 ||| INVOKING Heroism.
 25648 | Swamp:1  | 25648 ||| Stepping ~*~*~tactically~*~*~ (hiding).
 25669 | Swamp:1  | 25669 ||| INVOKING Heroism.
 25670 | Swamp:1  | 25670 ||| SWAPPING to +2 hand axe of flaming.
 25676 | Swamp:1  | Received a gift from Okawaru
 25677 | Swamp:1  | 25677 ||| SWAPPING to +0 broad axe of electrocution.
 25780 | Swamp:1  | Found a broken altar of Ashenzari.
 25869 | Swamp:1  | 25869 ||| INVOKING Heroism.
 25921 | Swamp:1  | Received a gift from Okawaru
 26018 | Swamp:1  | 26018 ||| Stepping ~*~*~tactically~*~*~ (hiding).
 26021 | Swamp:1  | 26021 ||| INVOKING Heroism.
 26030 | Swamp:1  | Reached skill level 6 in Throwing
 26102 | Swamp:1  | 26102 ||| INVOKING Heroism.
 26127 | Swamp:1  | Received a gift from Okawaru
 26269 | Swamp:2  | 26269 ||| STAIRDANCE
 26287 | Swamp:2  | 26287 ||| INVOKING Heroism.
 26331 | Swamp:2  | 26331 ||| INVOKING Heroism.
 26332 | Swamp:2  | 26332 ||| Stepping ~*~*~tactically~*~*~ (hiding).
 26333 | Swamp:2  | 26333 ||| Stepping ~*~*~tactically~*~*~ (hiding).
 26351 | Swamp:2  | 26351 ||| Stepping ~*~*~tactically~*~*~ (hiding).
 26476 | Swamp:2  | 26476 ||| Stepping ~*~*~tactically~*~*~ (stealth).
 26494 | Swamp:2  | 26494 ||| INVOKING Heroism.
 26512 | Swamp:2  | Received a gift from Okawaru
 26582 | Swamp:2  | 26582 ||| INVOKING Heroism.
 26621 | Swamp:2  | 26621 ||| Stepping ~*~*~tactically~*~*~ (hiding).
 26622 | Swamp:2  | 26622 ||| Stepping ~*~*~tactically~*~*~ (hiding).
 26623 | Swamp:2  | 26623 ||| Stepping ~*~*~tactically~*~*~ (hiding).
 26672 | Swamp:2  | 26672 ||| INVOKING Heroism.
 26679 | Swamp:2  | Noticed a fenstrider witch
 26695 | Swamp:2  | Killed a fenstrider witch
 26696 | Swamp:2  | Reached XP level 17. HP: 81/108 MP: 24/24
 26752 | Swamp:2  | 26752 ||| INVOKING Heroism.
 27018 | Swamp:2  | 27018 ||| DROPPING +3 chain mail.
 27019 | Swamp:2  | 27019 ||| DROPPING ring of magical power.
 27020 | Swamp:2  | 27020 ||| DROPPING ring of positive energy.
 27021 | Swamp:2  | 27021 ||| DROPPING ring of see invisible.
 27022 | Swamp:2  | 27022 ||| UPGRADING to +4 ring of slaying {mikee}.
 27024 | Swamp:2  | 27024 ||| DROPPING ring of willpower.
 27073 | Swamp:3  | 27073 ||| INVOKING Heroism.
 27132 | Swamp:3  | 27132 ||| Stepping ~*~*~tactically~*~*~ (stealth).
 27148 | Swamp:3  | 27148 ||| Stepping ~*~*~tactically~*~*~ (hiding).
 27149 | Swamp:3  | 27149 ||| Stepping ~*~*~tactically~*~*~ (hiding).
 27152 | Swamp:3  | 27152 ||| INVOKING Heroism.
 27172 | Swamp:3  | Received a gift from Okawaru
 27217 | Swamp:3  | 27217 ||| Stepping ~*~*~tactically~*~*~ (stealth).
 27218 | Swamp:3  | 27218 ||| Stepping ~*~*~tactically~*~*~ (stealth).
 27251 | Swamp:3  | 27251 ||| Stepping ~*~*~tactically~*~*~ (stealth).
 27269 | Swamp:3  | 27269 ||| INVOKING Heroism.
 27272 | Swamp:3  | 27272 ||| SWAPPING to +2 hand axe of flaming.
 27277 | Swamp:3  | 27277 ||| SWAPPING to +0 broad axe of electrocution.
 27360 | Swamp:3  | 27360 ||| Stepping ~*~*~tactically~*~*~ (stealth).
 27379 | Swamp:3  | 27379 ||| Stepping ~*~*~tactically~*~*~ (hiding).
 27392 | Swamp:3  | 27392 ||| Stepping randomly (cloudy).
 27564 | Swamp:3  | 27564 ||| PLANNING SNAKE:1-3
 27677 | Snake:1  | Entered Level 1 of the Snake Pit
 27781 | Snake:1  | 27781 ||| READING scroll of enchant armour.
 27781 | Snake:1  | 27781 ||| ENCHANTING +1 pair of gloves.
 27892 | Snake:1  | Reached ****** piety under Okawaru
 27893 | Snake:1  | Reached skill level 12 in Armour
 27931 | Snake:1  | 27931 ||| Stepping ~*~*~tactically~*~*~ (hiding).
 28086 | Snake:1  | 28086 ||| INVOKING Heroism.
 28100 | Snake:1  | Identified the +10 mace of Zivong {flame, rPois rC- Dex+3
                  | SInv} (Okawaru gifted it to you on level 1 of the Snake
                  | Pit)
 28100 | Snake:1  | Received a gift from Okawaru
 28146 | Snake:1  | 28146 ||| Stepping ~*~*~tactically~*~*~ (hiding).
 28249 | Snake:1  | 28249 ||| Stepping ~*~*~tactically~*~*~ (hiding).
 28250 | Snake:1  | 28250 ||| Stepping ~*~*~tactically~*~*~ (hiding).
 28258 | Snake:1  | 28258 ||| Stepping ~*~*~tactically~*~*~ (hiding).
 28259 | Snake:1  | 28259 ||| Stepping ~*~*~tactically~*~*~ (hiding).
 28307 | Snake:1  | Found Nutsaucu's Book Emporium.
 28307 | Snake:1  | Found Sypov's Armour Shoppe.
 28458 | Snake:1  | 28458 ||| Stepping ~*~*~tactically~*~*~ (stealth).
 28462 | Snake:1  | 28462 ||| Stepping ~*~*~tactically~*~*~ (stealth).
 28473 | Snake:1  | 28473 ||| INVOKING Heroism.
 28620 | Snake:1  | 28620 ||| Stepping ~*~*~tactically~*~*~ (hiding).
 29026 | Snake:1  | 29026 ||| UPGRADING to +2 tower shield of protection.
 29036 | Snake:1  | 29036 ||| DROPPING +2 tower shield.
 29037 | Snake:1  | 29037 ||| DROPPING ring of fire.
 29038 | Snake:1  | 29038 ||| DROPPING +6 ring of dexterity.
 29039 | Snake:1  | 29039 ||| READING scroll labelled ZAH OZ LOSK.
 29039 | Snake:1  | Identified a scroll of acquirement
 29039 | Snake:1  | 29039 ||| ACQUIRING +8 broad axe "Odir" {antimagic, Int+2}
 29039 | Snake:1  | Acquired the +8 broad axe "Odir" {antimagic, Int+2}
 29041 | Snake:1  | 29041 ||| SWAPPING to +8 broad axe "Odir" {antimagic,
                  | Int+2}.
 29042 | Snake:1  | 29042 ||| DROPPING +0 broad axe of electrocution.
 29091 | Snake:2  | 29091 ||| Stepping ~*~*~tactically~*~*~ (stealth).
 29109 | Snake:2  | 29109 ||| Stepping ~*~*~tactically~*~*~ (stealth).
 29152 | Snake:2  | 29152 ||| READING scroll of enchant armour.
 29152 | Snake:2  | 29152 ||| ENCHANTING +0 plate armour of willpower.
 29252 | Snake:2  | 29252 ||| Stepping ~*~*~tactically~*~*~ (hiding).
 29370 | Snake:2  | 29370 ||| INVOKING Heroism.
 29377 | Snake:2  | Received a gift from Okawaru
 29453 | Snake:2  | You are sucked into a shaft and drop 1 floor!
 29475 | Snake:3  | 29475 ||| INVOKING Heroism.
 29497 | Snake:3  | Reached skill level 18 in Axes
 29521 | Snake:3  | 29521 ||| Stepping ~*~*~tactically~*~*~ (stealth).
 29581 | Snake:3  | Received a gift from Okawaru
 29590 | Snake:3  | 29590 ||| INVOKING Heroism.
 29730 | Snake:3  | Received a gift from Okawaru
 29910 | Snake:2  | 29910 ||| Stepping ~*~*~tactically~*~*~ (hiding).
 29911 | Snake:2  | 29911 ||| Stepping ~*~*~tactically~*~*~ (hiding).
 29912 | Snake:2  | 29912 ||| Stepping ~*~*~tactically~*~*~ (hiding).
 30572 | Snake:2  | 30572 ||| DROPPING +4 chain mail.
 30605 | Snake:3  | 30605 ||| Stepping ~*~*~tactically~*~*~ (hiding).
 30673 | Snake:3  | 30673 ||| Stepping ~*~*~tactically~*~*~ (hiding).
 30676 | Snake:3  | 30676 ||| INVOKING Heroism.
 30679 | Snake:3  | 30679 ||| Stepping ~*~*~tactically~*~*~ (stealth).
 30782 | Snake:3  | 30782 ||| Stepping ~*~*~tactically~*~*~ (hiding).
 30786 | Snake:3  | 30786 ||| INVOKING Heroism.
 30791 | Snake:3  | Reached XP level 18. HP: 116/116 MP: 6/25
 30796 | Snake:3  | 30796 ||| DROPPING +2 hand axe of flaming.
 30845 | Snake:3  | 30845 ||| PLANNING SWAMP:4
 31049 | Swamp:4  | Entered Level 4 of the Swamp
 31073 | Swamp:4  | 31073 ||| INVOKING Heroism.
 31121 | Swamp:4  | Identified the +1 robe "Jaept" {*Slow rCorr Dex+3}
 31158 | Swamp:4  | 31158 ||| FLEEEEING.
 31159 | Swamp:4  | 31159 ||| FLEEEEING.
 31161 | Swamp:4  | 31161 ||| Stepping ~*~*~tactically~*~*~ (hiding).
 31210 | Swamp:4  | 31210 ||| INVOKING Heroism.
 31216 | Swamp:4  | Reached skill level 18 in Shields
 31268 | Swamp:4  | 31268 ||| INVOKING Heroism.
 31284 | Swamp:4  | Noticed the 27-headed Lernaean hydra
 31294 | Swamp:4  | HP: 25/116 [the 26-headed Lernaean hydra (5)]
 31295 | Swamp:4  | 31295 ||| READING 16 scrolls of teleportation.
 31295 | Swamp:4  | HP: 9/116 [the 26-headed Lernaean hydra (6)]
 31295 | Swamp:4  | HP: 1/116 [the 26-headed Lernaean hydra (8)]
 31295 | Swamp:4  | Slain by the 26-headed Lernaean hydra

Levels and vault maps discovered:
D:1:      heliophobic_arrival_dark_side_of_the_moon, layout_basic,
          shapermc_ecumenical_altar_hornbeckon
D:2:      layout_rooms, serial_shops, shop, minivault_4,
          kennysheep_generic_room_9
D:3:      layout_basic, mainiacjoe_overflow_24_doors, uniq_sigmund,
          uniq_crazy_yiuf_cottage, uniq_jessica
D:4:      layout_loops_ring, nicolae_ossuary_entry_giza, corner_web_ring,
          dilly_guarded_unrand_throatcut
D:5:      minmay_goblin_kobold_castle, layout_basic, minivault_11
D:6:      layout_cave_pools, hex_medium, nicolae_shop_overcharged_wands
D:7:      minmay_flawed_box, layout_loops_ring,
          worldfamousw_hep_ancestral_shrine, minmay_temple_entry_sparse_star,
          gammafunk_ghost_wrathful_warriors, amcnicky_mini_pool_small,
          minmay_joined_circles, uniq_joseph
D:8:      lemuel_ratsnest, layout_basic, grunt_temple_overflow_diamond,
          ebering_ghost_funeral_grove
D:9:      corexii_shack_village, layout_rooms, zombieorc2_lemuel,
          grunt_decor_mini_mirrors, evilmike_minifort
D:10:     layout_basic, minmay_lair_entry_grove, nicolae_sextant
D:11:     layout_stronghold
D:12:     layout_cave_pools, uniq_nergalle, uniq_snorg
D:13:     layout_loops_corners, hangedman_vaults_entry_quadrant_bands,
          corexii_hall_statues_l
D:14:     layout_irregular_city, dk_noncrumbling_4, minmay_misc_feat_diagonals,
          minmay_puff, uniq_lodul, uniq_louise
D:15:     gammafunk_enter_depths_forms, layout_cave_pools, ebering_ghost_xom,
          hangedman_decor_riveting, drop_trap
Temple:   sentei_temple_godly_chess
Lair:1:   layout_cave_pods, enter_volcano_2, grunt_megastairs_4
Lair:2:   beast_lair_carwin_large_3, layout_regular_city, swamp_mist_pool,
          patterned_corridor
Lair:3:   layout_roguey, minmay_snake_entry_guardpost_large,
          serial_bayou_pond_b, grunt_megastairs_1, uniq_rupert
Lair:4:   dpeg_oklob_gauntlet, layout_regular_city
Lair:5:   hangedman_lair_in_review, layout_regular_city,
          guppyfry_lair_end_dragon, dpeg_slime_entry_corner,
          hangedman_lair_unloving_vines
Swamp:1:  layout_basic_swamp, lemuel_altar_in_water, infiniplex_staircase_pool_2
Swamp:2:  layout_basic_swamp, evilmike_swamp_ruin_house_2,
          infiniplex_staircase_pool
Swamp:3:  layout_falls_marsh, evilmike_swamp_ruin_house_5
Swamp:4:  swamp_old_school, layout_basic_swamp
Snake:1:  layout_chambers, serial_bayou_lagoon_a, nicolae_triple_integral,
          minmay_shoptagon, serial_bayou_shore_b
Snake:2:  layout_grid_maze, serial_bayou_lagoon_b
Snake:3:  layout_rooms, grunt_megastairs_5, serial_bayou_shore_a
Orc:1:    layout_caves, uniq_sonja, uniq_gastronok
Orc:2:    st_orc_open, layout_caves, gammafunk_ghost_grave, lemuel_statue_altar

Skill      XL: |  1  2  3  4  5  6  7  8  9 10 11 12 13 14 15 16 17 18 |
---------------+-------------------------------------------------------+-----
Axes           | 2 3 4 5 6 7 8 9 11 12 14 16 18 | 18.0
Fighting       | 4 5 6 7 9 10 11 12 13 14 | 14.0
Armour         | 4 5 6 7 8 9 10 11 12 | 12.0
Dodging        | 1 2 3 |  3.1
Shields        | 4 5 6 7 8 13 17 18 | 18.0
Invocations    | 4 9 10 | 10.0
Throwing       | 1 2 3 4 5 7 |  7.7

Action                   |  1- 3 |  4- 6 |  7- 9 | 10-12 | 13-15 | 16-18 || total
-------------------------+-------+-------+-------+-------+-------+-------++-------
Melee: War axe           |   137 |    88 |   428 |   648 |  1003 |   149 ||  2453
       Headbutt          |     6 |     8 |    61 |   122 |   287 |   207 ||   691
       Morningstar       |       |       |       |    18 |    11 |       ||    29
       Broad axe         |       |       |       |       |       |   800 ||   800
       Hand axe          |       |       |       |       |       |    10 ||    10
Throw: Boomerang         |       |       |       |    43 |     6 |     7 ||    56
       Javelin           |       |       |       |    27 |    89 |    91 ||   207
Invok: Heroism           |       |       |     2 |    31 |    42 |    33 ||   108
       Finesse           |       |       |       |     3 |    12 |     2 ||    17
  Use: Scroll            |     9 |     2 |     4 |     9 |     7 |     4 ||    35
       Potion            |     3 |     2 |     2 |     1 |       |       ||     8
 Stab: Invisible         |     1 |       |       |       |       |       ||     1
       Confused          |       |       |       |       |       |     3 ||     3
Armor: Scale mail        |    40 |       |       |       |       |       ||    40
       Plate armour      |    34 |    94 |   269 |   257 |   475 |   327 ||  1456
Dodge: Dodged            |    45 |    33 |   182 |   257 |   389 |   219 ||  1125
       Repelled          |       |       |       |     4 |     8 |       ||    12
Block: Buckler           |    21 |    25 |    65 |    99 |   163 |       ||   373
       Tower shield      |       |       |       |       |   133 |   976 ||  1109
       Kite shield       |       |       |       |       |    47 |       ||    47
       Reflection        |       |       |       |       |     6 |    34 ||    40

Table legend:
 A = Non-vault XP
 B = Vault XP
 C = Vault XP percentage of total XP
 D = Non-vault monster count
 E = Vault monster count
 F = Vault count percentage of total count
                 A         B        C        D         E       F
            +---------+---------+-------+---------+---------+-------
      Total |  182562 |   73541 |  28.7 |     607 |     353 |  36.8
            +---------+---------+-------+---------+---------+-------
        D:1 |      38 |       0 |   0.0 |      23 |       0 |   0.0
        D:2 |      34 |       3 |   8.1 |      19 |       2 |   9.5
        D:3 |     180 |     260 |  59.1 |      31 |       2 |   6.1
        D:4 |     307 |     130 |  29.7 |      22 |       9 |  29.0
        D:5 |     469 |     200 |  29.9 |      13 |      52 |  80.0
        D:6 |     809 |       0 |   0.0 |      14 |       0 |   0.0
        D:7 |     794 |    2291 |  74.3 |      14 |      23 |  62.2
        D:8 |     614 |     265 |  30.1 |      15 |      36 |  70.6
        D:9 |    1586 |    2882 |  64.5 |      12 |      58 |  82.9
       D:10 |    1578 |     343 |  17.9 |      19 |       2 |   9.5
       D:11 |    4062 |     906 |  18.2 |      15 |       1 |   6.2
       D:12 |    4262 |     767 |  15.3 |      10 |       1 |   9.1
       D:13 |    6072 |    6844 |  53.0 |      13 |      17 |  56.7
       D:14 |   10543 |    5556 |  34.5 |      20 |      16 |  44.4
       D:15 |   17561 |    4602 |  20.8 |      32 |       8 |  20.0
     Lair:1 |     440 |     420 |  48.8 |       3 |       2 |  40.0
     Lair:2 |    7203 |    1020 |  12.4 |      23 |      10 |  30.3
     Lair:3 |    9190 |    7379 |  44.5 |      24 |      19 |  44.2
     Lair:4 |    3373 |    1115 |  24.8 |       9 |       2 |  18.2
     Lair:5 |   12328 |   14304 |  53.7 |      39 |      36 |  48.0
    Swamp:1 |   19533 |       0 |   0.0 |      41 |       0 |   0.0
    Swamp:2 |   13583 |       0 |   0.0 |      21 |       0 |   0.0
    Swamp:3 |   14740 |       0 |   0.0 |      32 |       0 |   0.0
    Swamp:4 |    4924 |    5875 |  54.4 |       9 |      13 |  59.1
    Snake:1 |   17628 |       0 |   0.0 |      35 |       0 |   0.0
    Snake:2 |   13055 |       0 |   0.0 |      26 |       0 |   0.0
    Snake:3 |   14100 |    1471 |   9.4 |      26 |       5 |  16.1
      Orc:1 |    2007 |    2217 |  52.5 |      36 |       2 |   5.3
      Orc:2 |    1549 |   14691 |  90.5 |      11 |      37 |  77.1
            +---------+---------+-------+---------+---------+-------
